 Dungeon Crawl Stone Soup version 0.22.0-40-g68aacdc4c8 (webtiles) character file.

171 RealIsaac the Chopper (level 5, -7/47 HPs)
             Began as a Hill Orc Berserker on Sept 1, 2018.
             Was a Believer of Trog.
             Mangled by an ogre
             ... wielding a +0 giant club
              (21 damage)
             ... on level 4 of the Dungeon.
             The game lasted 00:15:40 (2859 turns).

RealIsaac the Chopper (Hill Orc Berserker)          Turns: 2859, Time: 00:15:41

Health: -7/47      AC:  8    Str: 21    XL:     5   Next: 51%
Magic:  5/5        EV: 10    Int:  7    God:    Trog [**....]
Gold:   210        SH:  0    Dex: 10    Spells: 4/4 levels left

rFire    x . .     SeeInvis .   a - +2 hand axe
rCold    + . .     Gourm    .   (no shield)
rNeg     . . .     Faith    .   k - +0 scale mail
rPois    .         Spirit   .   f - +0 helmet
rElec    .         Reflect  .   (no cloak)
rCorr    .         Harm     .   (no gloves)
MR       .....                  (no boots)
Stlth    ..........             (no amulet)
HPRegen  0.15/turn              i - ring of ice
MPRegen  0.09/turn              (no ring)

@: no status effects
A: no striking features
a: Berserk, Trog's Hand, Renounce Religion


You were on level 4 of the Dungeon.
You worshipped Trog.
Trog was pleased with you.
You were not hungry.

You visited 1 branch of the dungeon, and saw 4 of its levels.

You collected 210 gold pieces.

Inventory:

Hand Weapons
 a - a +2 hand axe (weapon)
 w - a +0 battleaxe
Armour
 b - a +0 animal skin
 f - a +0 helmet (worn)
 h - a +0 ring mail
 k - a +0 scale mail (worn)
Jewellery
 i - a ring of ice (left hand)
 v - a cursed -3 ring of protection {unknown}
Scrolls
 d - 4 scrolls of identify
 j - a scroll of blinking {unknown}
 l - a scroll of random uselessness {unknown}
 m - a scroll of fog
 o - a scroll of fear {unknown}
 q - a scroll of remove curse {unknown}
Potions
 e - a potion of lignification {unknown}
 g - a potion of degeneration {unknown}
 n - 2 potions of might {unknown}
 p - 3 potions of curing {unknown}
 r - 3 potions of heal wounds {unknown}
 s - 3 potions of haste {unknown}
 t - 4 potions of flight {unknown}
 u - a potion of ambrosia {unknown}
 x - a potion of brilliance {unknown}
Comestibles
 c - 11 rations


   Skills:
 + Level 4.7 Fighting
 + Level 5.8 Axes
 + Level 3.2 Armour
 + Level 2.2 Dodging
 + Level 0.3 Stealth
 + Level 0.6 Unarmed Combat


You had 4 spell levels left.
You didn't know any spells.
Your spell library was empty.

Dungeon Overview and Level Annotations

Branches:
Dungeon (4/15)
 Temple: D:4-7

Altars:
Wu Jian


Message History

Trog accepts your kill.
HP restored.
An ogre and a skeleton come into view.
The ogre shouts!
You hit the ogre.
The ogre is lightly wounded.
The ogre misses you.
You slash the ogre!
The ogre is moderately wounded.
You hit the ogre but do no damage.
The ogre is moderately wounded.
The ogre hits you with a giant club!!
You hit the ogre.
The ogre is heavily wounded.
The ogre hits you with a giant club!
* * * LOW HITPOINT WARNING * * *
You hit the ogre.
The ogre is heavily wounded.
The ogre hits you with a giant club!!
You die...

## ### ... ..#
.... #.# .....
#.# ......#$#####
#..@....#
#..#.#O###.#####
#..# #Z#.......#
#..# #.#.#.###.#
#..# #.#.#.# #.#
#..# #.#.#.# #.#
#..# ..#.#.# #.#
#..#####.#.###.##
#...............#


You could see an ogre and a hound skeleton.

Vanquished Creatures
  A centaur skeleton (D:4)
  Natasha (twice) (D:3)
  3 adders
  An ooze (D:3)
  2 worms (D:2)
  3 dart slugs
  A leopard gecko (D:1)
  An orc (D:3)
  2 giant cockroaches
  2 goblins (D:1)
  4 hobgoblins
  8 jackals
  A ball python (D:3)
  8 bats
  2 frilled lizards (D:3)
  7 kobolds
  9 rats
57 creatures vanquished.

Notes
Turn   | Place    | Note
-------+----------+-------------------------------------------
     0 | D:1      | RealIsaac the Hill Orc Berserker began the quest for the Orb.
     0 | D:1      | Reached XP level 1. HP: 19/19 MP: 1/1
   281 | D:1      | Reached XP level 2. HP: 26/27 MP: 2/2
   986 | D:1      | You fall through a shaft!
  1011 | D:2      | Reached XP level 3. HP: 33/33 MP: 3/3
  1819 | D:3      | Reached skill level 5 in Axes
  1826 | D:3      | Reached ** piety under Trog
  1826 | D:3      | Reached XP level 4. HP: 29/40 MP: 4/4
  2048 | D:3      | Found an ornate altar of the Wu Jian Council.
  2209 | D:3      | Noticed Natasha
  2226 | D:3      | Killed Natasha
  2237 | D:3      | Reached XP level 5. HP: 19/47 MP: 5/5
  2593 | D:3      | Noticed Natasha
  2607 | D:3      | Killed Natasha
  2853 | D:4      | Noticed an ogre
  2859 | D:4      | Mangled by an ogre

Skill      XL: |  1  2  3  4 |
---------------+-------------+-----
Fighting       | 4 |  4.7
Dodging        | 2 |  2.2
Axes           | 5 |  5.8
Armour         | 3 |  3.2
Stealth        | |  0.3
Unarmed Combat | |  0.6

Action                   |  1- 3 |  4- 6 || total
-------------------------+-------+-------++-------
Melee: Hand axe          |   104 |    73 ||   177
       Unarmed           |       |     8 ||     8
  Use: Scroll            |     4 |       ||     4
  Eat: Chunk             |     3 |     3 ||     6
Armor: Animal skin       |     8 |       ||     8
       Ring mail         |    26 |       ||    26
       Scale mail        |    25 |    35 ||    60
       Skin              |       |     1 ||     1
Dodge: Dodged            |    89 |    66 ||   155
